 Dungeon Crawl Stone Soup version 0.26-a0-651-gb41185065b (webtiles) character file.

Game seed: 3204560646842205970

261 Flugslaktarn the Chopper (level 5, -5/50 HPs)
             Began as a Deep Dwarf Fighter on Oct 8, 2020.
             Slain by Pikel
             ... wielding a +0 whip of electrocution
              (18 damage)
             ... on level 4 of the Dungeon.
             The game lasted 00:00:40 (933 turns).

Flugslaktarn the Chopper (Deep Dwarf Fighter)        Turns: 933, Time: 00:00:41

Health: -5/50      AC:  9    Str: 21    XL:     5   Next: 96%
Magic:  5/5        EV:  5    Int:  8    God:
Gold:   69         SH:  9    Dex: 12    Spells: 4/4 levels left

rFire    . . .     SeeInvis .   a - +0 war axe
rCold    . . .     Faith    .   c - +0 kite shield
rNeg     . . .     Spirit   .   f - +0 chain mail
rPois    .         Reflect  .   (no helmet)
rElec    .         Harm     .   (no cloak)
rCorr    .         Rampage  .   (no gloves)
MR       .....                  (no boots)
Stlth    ..........             (no amulet)
HPRegen  0.00/turn              (no ring)
MPRegen  0.09/turn              (no ring)

@: mighty, non-regenerating
A: damage resistance, heal wounds, sense surroundings 1, no regeneration
a: Heal Wounds


You were on level 4 of the Dungeon.
You visited 1 branch of the dungeon, and saw 4 of its levels.

You collected 69 gold pieces.

Inventory:

Hand Weapons
 a - a +0 war axe (weapon)
Armour
 b - a +0 scale mail
 c - a +0 kite shield (worn)
 f - a +0 chain mail (worn)
   (You found it on level 2 of the Dungeon)
Jewellery
 j - a +4 ring of evasion {unknown}
   (You found it on level 3 of the Dungeon)
Scrolls
 e - 2 scrolls of identify {unknown}
 h - 2 scrolls of blinking {unknown}
 i - a scroll of magic mapping {unknown}
 l - a scroll of remove curse {unknown}
 m - a scroll of enchant weapon {unknown}
Potions
 d - a potion of might
 g - 2 potions of heal wounds {unknown}
 k - a potion of brilliance {unknown}


   Skills:
 * Level 4.1 Fighting
 * Level 4.3 Axes
 + Level 4.2 Armour
 + Level 4.2 Shields


You had 4 spell levels left.
You didn't know any spells.
Your spell library was empty.

Dungeon Overview and Level Annotations

Branches:
Dungeon (4/15)
 Temple: D:4-7

Altars:

Annotations:
D:3 2 transporters, Flugslaktarn's ghost, weakling DDFi
D:4 Pikel


Innate Abilities, Weirdness & Mutations

You are resistant to damage.
You can heal yourself by infusing magical energy.
You passively map a small area around you.
You do not regenerate.


Message History

Pikel hits you with a +0 whip of electrocution.
The lemure barely misses you.
You feel much better. Pikel barely misses you. You block the lemure's attack.
Pikel hits you with a +0 whip of electrocution!
You completely miss Pikel. You slash the lemure!
Pikel hits you with a +0 whip of electrocution!
The lemure hits you but does no damage.
Pikel hits you with a +0 whip of electrocution.
You miss the lemure.
The lemure is almost dead.
You closely miss Pikel. You block Pikel's attack.
The lemure hits you but does no damage. You block Pikel's attack.
You block the lemure's attack.
You slash Pikel!
Pikel is lightly wounded.
You closely miss the lemure.
Pikel hits you with a +0 whip of electrocution!
* * * LOW HITPOINT WARNING * * *
You are electrocuted!!
You die...

#..#. #..####....# * *
.#*#...,##.......# .##$
..##...##......###..... ,,
,* ...........55...5.....#
.........).###.......# ,
#......K## ####...## *
##.))..## *##..## . ,
##....## ###.....# .. , *
####.....######K@...#,.##.
, ##...........555##..#
... ..#..........5###..##
#.# * *
..#....#.....####.# ##.#
### .###..##....## #..#
##..## ##.#.
......###...).##..#
#....####...# .....##
#...#.....###.##..##...#
.....#
##..###...#..####......#
.....# ..## #.....##
#......#


You could see Pikel (berserk) and 4 lemures.

Vanquished Creatures
  A phantom (D:4)
  A scorpion (D:4)
  An orc wizard (D:4)
  2 worker ants (D:4)
  An adder (D:3)
  An ooze (D:3)
  An adder skeleton (D:4)
  2 leopard geckos
  2 orcs (D:4)
  3 ball pythons (D:3)
  A giant cockroach (D:4)
  A goblin (D:1)
  4 jackals (D:3)
  A kobold (D:3)
  2 quokkas (D:3)
  3 bats
  2 frilled lizards
  3 rats (D:3)
32 creatures vanquished.

Vanquished Creatures (others)
  A plant (D:3)
1 creature vanquished.

Grand Total: 33 creatures vanquished

Notes
Turn   | Place    | Note
-------+----------+-------------------------------------------
     0 | D:1      | Flugslaktarn the Deep Dwarf Fighter began the quest for the
                  | Orb.
     0 | D:1      | Reached XP level 1. HP: 20/20 MP: 1/1
   130 | D:3      | Found a transporter.
   153 | D:3      | Reached XP level 2. HP: 24/27 MP: 2/2
   215 | D:3      | Noticed a wight
   217 | D:3      | Found a transporter.
   217 | D:3      | Noticed Flugslaktarn's ghost (weakling DDFi)
   227 | D:3      | Reached XP level 3. HP: 30/34 MP: 3/3
   345 | D:4      | Noticed a phantom
   451 | D:4      | Killed a phantom
   451 | D:4      | Reached XP level 4. HP: 31/44 MP: 4/4
   495 | D:4      | Reached XP level 5. HP: 44/50 MP: 5/5
   902 | D:4      | Noticed a lemure
   902 | D:4      | Noticed Pikel
   902 | D:4      | Noticed a lemure
   905 | D:4      | Noticed a lemure
   906 | D:4      | Noticed a lemure
   933 | D:4      | Slain by Pikel

Illustrated notes

Levels and vault maps discovered:
D:1:      dpeg_arrival_shelter, layout_loops_ring
D:2:      layout_basic
D:3:      layout_rooms, gammafunk_ghost_mausoleum, minmay_shallow_snake_nest
D:4:      layout_layer_cave, uniq_pikel

Skill      XL: |  1  2  3  4  5 |
---------------+----------------+-----
Fighting       | 3 4 |  4.1
Axes           | 3 4 |  4.3
Armour         | 4 |  4.2
Shields        | 4 |  4.2

Action                   |  1- 3 |  4- 6 || total
-------------------------+-------+-------++-------
Melee: War axe           |    88 |    43 ||   131
 Abil: Heal Wounds       |     2 |     3 ||     5
  Use: Potion            |       |     1 ||     1
Armor: Chain mail        |    38 |    23 ||    61
       Scale mail        |     6 |       ||     6
Dodge: Dodged            |    27 |     9 ||    36
Block: Kite shield       |    52 |    26 ||    78

Table legend: (Time is in decaauts)
 A = Elapsed time spent in this place.
 B = Non-inter-level travel time spent in this place.
 C = Inter-level travel time spent in this place.
 D = Time resting spent in this place.
 E = Time spent auto-exploring this place.
 F = Levels seen in this place.
 G = Mean time per level.
                   A        B        C        D        E       F      G
               +--------+--------+--------+--------+--------+-----+--------+
         Total |    986 |    927 |     59 |      0 |    591 |   4 |  246.5 |
       Dungeon |    986 |    927 |     59 |      0 |    591 |   4 |  246.5 |
               +--------+--------+--------+--------+--------+-----+--------+

Top non-repeatable levels by time:
     D:4: 644 daAuts
     D:3: 205 daAuts
     D:1: 92 daAuts
     D:2: 43 daAuts
